 Dungeon Crawl Stone Soup version 0.29.1-1-gd02db6906a (webtiles) character file.

Game seed: 1926949437536115961

2678 Metae the Blocker (level 9, -4/80 HPs)
             Began as a Minotaur Fighter on Sept 27, 2022.
             Was an Initiate of Gozag.
             Slain by a boulder beetle (21 damage)
             ... on level 5 of the Dungeon.
             The game lasted 00:24:09 (7053 turns).

Metae the Blocker (Minotaur Fighter)                Turns: 7053, Time: 00:24:10

Health: -4/80      AC: 12    Str: 25    XL:     9   Next: 37%
Magic:  8/8        EV:  8    Int:  9    God:    Gozag
Gold:   246        SH:  7    Dex: 16    Spells: 8/8 levels left

rFire   . . .      SeeInvis .   a - +0 flail "Newtslayer" {vorpal, rElec Int+4}
rCold   . . .      Faith    .   c - +0 buckler
rNeg    . . .      Spirit   .   l - +0 chain mail
rPois   .          Reflect  .   (helmet restricted)
rElec   +          Harm     .   g - +0 cloak
rCorr   +          Rampage  .   (no gloves)
Will    .....                   (no boots)
Stlth   ..........              (no amulet)
HPRegen 0.23/turn               j - ring of resist corrosion
MPRegen 0.11/turn               k - +6 ring of dexterity

@: on berserk cooldown, slowed, very slow
A: horns 2, retaliatory headbutt
a: Renounce Religion, Potion Petition, Call Merchant, Bribe Branch


You were on level 5 of the Dungeon.
You worshipped Gozag.
Gozag was aware of your devotion.
You visited 1 branch of the dungeon, and saw 6 of its levels.

You collected 365 gold pieces.
You paid 119 gold pieces to Gozag.

Inventory:

Hand Weapons
 a - the +0 flail "Newtslayer" (weapon) {vorpal, rElec Int+4}
   (You took it off an orc on level 3 of the Dungeon)

   It inflicts extra damage upon your enemies.
   Int:       It affects your intelligence (+4).
   rElec:     It insulates you from electricity.
 b - a +0 sling
 u - a +1 war axe
Missiles
 e - a silver boomerang (quivered)
 f - 72 stones
 v - 4 silver javelins
 G - 3 boomerangs
Armour
 c - a +0 buckler (worn)
 g - a +0 cloak (worn)
 l - a +0 chain mail (worn)
Jewellery
 j - a ring of resist corrosion (left hand)
 k - a +6 ring of dexterity (right hand)
 F - a ring of protection from fire
Scrolls
 h - a scroll of enchant weapon
 i - a scroll of butterflies {unknown}
 p - 3 scrolls of fear
 q - a scroll of teleportation {unknown}
 w - a scroll of acquirement {unknown}
 x - a scroll of poison
 y - a scroll of enchant armour {unknown}
 z - 2 scrolls of vulnerability {unknown}
 A - a scroll of blinking {unknown}
 D - a scroll of magic mapping {unknown}
Potions
 d - a potion of invisibility {unknown}
 m - a potion of lignification {unknown}
 n - a potion of berserk rage
 o - 3 potions of curing
 r - a potion of resistance {unknown}
 s - 3 potions of haste {unknown}
 t - 2 potions of flight
 B - a potion of degeneration {unknown}
 C - 2 potions of heal wounds {unknown}
 E - 2 potions of magic {unknown}


   Skills:
 + Level 7.6 Fighting
 - Level 3.5(5.2) Axes
 + Level 6.0(6.4) Maces & Flails
 + Level 3.3 Ranged Weapons
 + Level 7.7 Armour
 * Level 9.9 Shields


You had 8 spell levels left.
You didn't know any spells.
Your spell library contained the following spells:

 Spells                   Type           Power      Damage    Failure   Level
 Sting                    Tmut/Pois      0%         1d3       95%         1
 Poisonous Vapours        Pois/Air       0%         N/A       99%         2
 Call Canine Familiar     Summ           0%         N/A       100%        3
 Gell's Gravitas          Tloc           0%         N/A       100%        3
 Ignite Poison            Fire/Tmut/Pois 0%         N/A       100%        3
 Lesser Beckoning         Tloc           0%         N/A       100%        3
 Portal Projectile        Hex/Tloc       0%         N/A       100%        3
 Teleport Other           Tloc           0%         N/A       100%        3
 Vampiric Draining        Necr           0%         2d6       100%        3
 Leda's Liquefaction      Hex/Erth       0%         N/A       100%        4
 Olgreb's Toxic Radiance  Pois           0%         N/A       100%        4
 Necromutation            Tmut/Necr      0%         N/A       100%        8


Dungeon Overview and Level Annotations

Branches:
Dungeon (6/15)
 Temple: D:4-7

Altars:
Cheibriados
Gozag
Nemelex Xobeh
Wu Jian

Shops:
D:2 *


Innate Abilities, Weirdness & Mutations

You have a pair of horns on your head.
You reflexively headbutt those who attack you in melee.


Message History

The boulder beetle hits you!
The boulder beetle stops rolling and uncurls.
You climb upwards.
There is a stone staircase leading down here.
You hit the boulder beetle but do no damage.
The boulder beetle bites you. The boulder beetle barely misses you.
You furiously retaliate!
You headbutt the boulder beetle, but do no damage.
You hit the boulder beetle but do no damage.
You headbutt the boulder beetle, but do no damage.
The boulder beetle bites you.
You hit the boulder beetle but do no damage.
The boulder beetle leaps!
A red film seems to cover your vision as you go berserk!
You feel yourself moving faster!
You feel mighty!
The boulder beetle leaps!
You feel a strong urge to attack something.
You feel your anger nearly subside.
You are no longer berserk.
You are exhausted.
You feel yourself slow down.
You hit the boulder beetle but do no damage.
You headbutt the boulder beetle, but do no damage.
The boulder beetle bites you!
The boulder beetle bites you but does no damage.
You hit the boulder beetle but do no damage.
You headbutt the boulder beetle, but do no damage.
The boulder beetle bites you but does no damage.
You hit the boulder beetle but do no damage.
The boulder beetle bites you. You block the boulder beetle's attack.
You hit the boulder beetle but do no damage.
The boulder beetle bites you! x2
You hit the boulder beetle but do no damage.
You headbutt the boulder beetle, but do no damage.
The boulder beetle bites you!!
* * * LOW HITPOINT WARNING * * *
You block the boulder beetle's attack.
The boulder beetle attacks as you move away!
The boulder beetle bites you!!
You die...
Your body crumbles into a pile of gold.

##..###...## #..#..##.##..##
#...#......# #..............
#...#......# #####..............
#...#......# #..................
#...#......# ##..##..............
###.####.<####8..8##....#########
###.####..).....>.[.....###...###
............#....................
............##8.@8#..............
............###.B##..............
............#....................
>...........#....................
............#....................
............#....................
###...##...###+#####.##..####+##.
###...##...##...####.##..###..##.
......#..............+...........


You could see a boulder beetle.

Vanquished Creatures
  Pikel (D:4)
  Grinder (D:3)
  A shadow (D:6)
  Edmund (D:6)
  2 water moccasins (D:5)
  An orc warrior (D:6)
  An ice beast (D:6)
  2 ogres
  3 centaurs
  3 phantoms
  2 lemures (D:4)
  A bullfrog (D:6)
  A necrophage (D:6)
  2 scorpions (D:5)
  An orc priest (D:6)
  3 hounds (D:5)
  3 iguanas
  3 jellies
  Crazy Yiuf (D:4)
  An orc wizard (D:6)
  9 adders
  2 dart slugs (D:3)
  12 orcs
  3 ball pythons
  9 endoplasms
  3 giant cockroaches
  9 goblins
  9 hobgoblins
  4 quokkas
  3 bats
  6 frilled lizards
  8 kobolds
  14 rats
125 creatures vanquished.

Notes
Turn   | Place    | Note
-------+----------+-------------------------------------------
     0 | D:1      | Metae the Minotaur Fighter began the quest for the Orb.
     0 | D:1      | Reached XP level 1. HP: 19/19 MP: 0/0
   333 | D:1      | Reached XP level 2. HP: 26/27 MP: 1/1
   450 | D:1      | Found a faded altar of an unknown god.
   665 | D:1      | Reached skill level 4 in Shields
   986 | D:2      | Reached XP level 3. HP: 33/33 MP: 2/2
  1080 | D:2      | Found Lyepadar's Assorted Antiques.
  2122 | D:3      | Reached XP level 4. HP: 33/40 MP: 3/3
  2280 | D:3      | Identified the +0 flail "Newtslayer" {vorpal, rElec Int+4}
  2559 | D:3      | Got the Monograph on Variation and the Grave
  2734 | D:4      | Noticed Grinder
  2734 | D:4      | Noticed a phantom
  2745 | D:3      | Killed a phantom
  2746 | D:3      | Reached skill level 1 in Maces & Flails
  2746 | D:3      | Reached skill level 5 in Shields
  2746 | D:3      | Reached XP level 5. HP: 29/47 MP: 4/4
  2760 | D:3      | Paralysed by Grinder for 5 turns
  2769 | D:3      | Paralysed by Grinder for 4 turns
  2776 | D:3      | Killed Grinder
  2777 | D:3      | Reached skill level 5 in Fighting
  2777 | D:3      | Reached skill level 5 in Armour
  2777 | D:3      | Reached XP level 6. HP: 8/56 MP: 5/5
  3597 | D:4      | Noticed Pikel
  3635 | D:4      | Reached skill level 6 in Shields
  3637 | D:4      | Killed Pikel
  3638 | D:4      | Reached skill level 7 in Shields
  3638 | D:4      | Reached XP level 7. HP: 26/63 MP: 6/6
  4028 | D:4      | Reached XP level 8. HP: 35/70 MP: 7/7
  4394 | D:4      | Found a runed translucent door.
  4395 | D:4      | Noticed Crazy Yiuf
  4400 | D:4      | Killed Crazy Yiuf
  4475 | D:5      | Entered Level 5 of the Dungeon
  4483 | D:5      | Reached skill level 8 in Shields
  4787 | D:5      | Reached skill level 1 in Ranged Weapons
  4860 | D:5      | Reached skill level 5 in Maces & Flails
  5380 | D:5      | Reached skill level 9 in Shields
  5602 | D:6      | Found a snail-covered altar of Cheibriados.
  5614 | D:6      | Reached XP level 9. HP: 45/79 MP: 8/8
  5969 | D:6      | Found a sparkling altar of Nemelex Xobeh.
  5970 | D:6      | Found an opulent altar of Gozag.
  5985 | D:6      | Became a worshipper of Gozag Ym Sagoz the Greedy
  6028 | D:6      | Identified the +7 short sword of Instant Death {vorpal,
                  | Str-5 Int+6}
  6236 | D:6      | Found an ornate altar of the Wu Jian Council.
  6345 | D:6      | Noticed Edmund
  6368 | D:6      | Killed Edmund
  6407 | D:6      | Noticed a boulder beetle
  7053 | D:5      | Slain by a boulder beetle

Illustrated notes

Levels and vault maps discovered:
D:1:      dpeg_arrival_three_same_balls, layout_basic,
          shapermc_ecumenical_altar_acropolis, serial_bayou_lagoon_a,
          minmay_rat_gold_closets
D:2:      layout_basic, serial_shops, nicolae_shop_hallway_stairs,
          roderic_lattice_a
D:3:      layout_loops_cross, nicolae_eternal_life, moated_statue,
          nrook_mini_vaults
D:4:      layout_cave_pools, minmay_misc_feat_encased, sigmund_army, uniq_pikel,
          uniq_grinder, uniq_crazy_yiuf_cottage
D:5:      layout_gridville, st_stairs_6
D:6:      minmay_recursive_quarters, layout_basic,
          grunt_temple_overflow_opulence, nzn_wu_jian_contemplation,
          nicolae_overflow_crystal_walls, trog_wizard, serial_glass,
          glass_columns_b, glass_columns_b, due_unseen_surprise,
          minmay_strange_pillars, feat_on_display, feat_on_display, uniq_edmund

Skill      XL: |  1  2  3  4  5  6  7  8  9 |
---------------+----------------------------+-----
Armour         | 4 5 6 7 |  7.7
Fighting       | 4 5 6 7 |  7.6
Shields        | 4 5 7 9 |  9.9
Axes           | 3 |  3.5
Maces & Flails | 1 2 3 4 5 6 |  6.0
Ranged Weapons | 2 3 |  3.3

Action                   |  1- 3 |  4- 6 |  7- 9 || total
-------------------------+-------+-------+-------++-------
Melee: War axe           |    93 |     7 |       ||   100
       Headbutt          |    13 |    13 |    39 ||    65
       Flail             |       |    60 |   169 ||   229
Throw: Boomerang         |       |     4 |     9 ||    13
  Use: Scroll            |     2 |       |     3 ||     5
       Potion            |       |     2 |     1 ||     3
Armor: Scale mail        |    15 |       |       ||    15
       Chain mail        |    43 |    37 |    72 ||   152
Dodge: Dodged            |    46 |    40 |    54 ||   140
Block: Buckler           |    31 |    32 |    70 ||   133
